 Dungeon Crawl Stone Soup version 0.22.1-1-ga44c0e56f4 (webtiles) character file.

112 KleinerIrrer the Insei (level 4, -6/31 HPs)
             Began as an Octopode Monk on Oct 28, 2018.
             Was a Believer of Ru.
             Mangled by an ogre
             ... wielding a +0 giant club
              (17 damage)
             ... on level 4 of the Dungeon.
             The game lasted 00:04:03 (2775 turns).

KleinerIrrer the Insei (Octopode Monk)              Turns: 2775, Time: 00:04:04

Health: -6/31      AC:  1    Str: 10    XL:     4   Next: 95%
Magic:  4/4        EV: 14    Int: 12    God:    Ru [**....]
Gold:   78         SH:  0    Dex: 15    Spells: 3/3 levels left

rFire    . . .     SeeInvis .     - Unarmed
rCold    . . .     Gourm    .   (no shield)
rNeg     . . .     Faith    .   (helmet restricted)
rPois    .         Spirit   .   (no amulet)
rElec    .         Reflect  .   (no ring)
rCorr    .         Harm     .   (no ring)
MR       .....                  (no ring)
Stlth    +++.......             (no ring)
HPRegen  0.10/turn              (no ring)
MPRegen  0.09/turn              (no ring)
                                (no ring)
                                (no ring)

@: no status effects
A: almost no armour, stealthy swim, amphibious, 8 rings, constrict 8, camouflage
1, gelatinous body 1, inability to use devices
a: Renounce Religion


You were on level 4 of the Dungeon.
You worshipped Ru.
Ru was pleased with you.
You were not hungry.

You visited 1 branch of the dungeon, and saw 4 of its levels.

You collected 78 gold pieces.

Inventory:

Armour
 o - a +0 large shield
Jewellery
 j - an uncursed ring of positive energy {unknown}
Scrolls
 b - 2 scrolls of amnesia {unknown}
 d - 8 scrolls of identify {unknown}
 h - 2 scrolls of magic mapping {unknown}
 l - 4 scrolls of teleportation {unknown}
 q - a scroll of remove curse {unknown}
Potions
 c - 3 potions of flight {unknown}
 e - a potion of magic {unknown}
 f - a potion of heal wounds {unknown}
 g - 3 potions of curing {unknown}
 i - 3 potions of agility {unknown}
 k - a potion of resistance {unknown}
 m - a potion of cancellation {unknown}
 n - 2 potions of lignification {unknown}
Comestibles
 a - 11 rations
 p - 5 chunks of flesh


   Skills:
 - Level 3.0 Fighting
 - Level 3.0 Dodging
 - Level 2.6 Stealth
 + Level 5.4 Unarmed Combat


You had 3 spell levels left.
You didn't know any spells.
Your spell library was empty.

Dungeon Overview and Level Annotations

Branches:
Dungeon (4/15)
 Temple: D:4-7

Altars:
Kikubaaqudgha
Ru
Wu Jian


Innate Abilities, Weirdness & Mutations

You cannot wear most types of armour.
You are very stealthy in the water. (Stealth+)
You are amphibious.
You can wear up to eight rings at the same time.
You can use your tentacles to constrict eight enemies at once.
Your skin changes colour to match your surroundings (Stealth+).
Your rubbery body absorbs attacks. (AC +1, EV +1)
You cannot study or use magical devices.


Message History

You see here a jackal corpse.
An ogre is nearby!
You barely miss the ogre. You squeeze the ogre, but do no damage.
The ogre completely misses you.
You bludgeon the ogre!
The ogre is moderately wounded.
The ogre hits you with a giant club!!
Ouch! That really hurt!
You are too injured to fight recklessly!
You are too injured to fight recklessly!
You completely miss the ogre.
The ogre is moderately wounded.
You tentacle-slap the ogre.
The ogre is heavily wounded.
The ogre misses you.
You tentacle-slap the ogre but do no damage.
The ogre is heavily wounded.
The ogre hits you with a giant club!
Ouch! That really hurt!
You die...

#.....#
#.....#
#.....#
#.....#
#.....#
#.....#
#..O..#
#..†@.#
#.....#
####'## #....#
#....# #....#
##...########.
##...#........
#....#........


You could see an ogre.

Vanquished Creatures
  A worker ant (D:4)
  2 adders
  An ooze (D:1)
  A dart slug (D:1)
  2 orcs (D:3)
  A ball python (D:2)
  5 bats
  5 giant cockroaches
  8 goblins
  7 hobgoblins
  8 jackals
  4 kobolds
  2 quokkas (D:2)
  5 frilled lizards
  A jackal skeleton (D:3)
  A quokka skeleton (D:4)
  3 rats
57 creatures vanquished.

Notes
Turn   | Place    | Note
-------+----------+-------------------------------------------
     0 | D:1      | KleinerIrrer the Octopode Monk began the quest for the Orb.
     0 | D:1      | Reached XP level 1. HP: 16/16 MP: 1/1
   105 | D:1      | Reached XP level 2. HP: 18/21 MP: 2/2
   500 | D:1      | Reached skill level 4 in Unarmed Combat
   500 | D:1      | Reached XP level 3. HP: 22/26 MP: 3/3
   821 | D:2      | Found a faded altar of an unknown god.
   944 | D:2      | Became a worshipper of Ru the Awakened
   958 | D:2      | Gained mutation: You cannot study or use magical devices.
                  | [Ru sacrifice]
   958 | D:2      | Reached * piety under Ru
   958 | D:2      | Reached ** piety under Ru
  1679 | D:3      | Reached XP level 4. HP: 29/31 MP: 4/4
  2065 | D:3      | Reached skill level 5 in Unarmed Combat
  2411 | D:3      | Found an ancient bone altar of Kikubaaqudgha.
  2714 | D:4      | Found an ornate altar of the Wu Jian Council.
  2765 | D:4      | Noticed an ogre
  2775 | D:4      | Mangled by an ogre

Skill      XL: |  1  2  3  4 |
---------------+-------------+-----
Unarmed Combat | 4 5 |  5.4
Fighting       | |  3.0
Dodging        | |  3.0
Stealth        | |  2.6

Action                   |  1- 3 |  4- 6 || total
-------------------------+-------+-------++-------
Melee: Unarmed           |    68 |    55 ||   123
       Constrict         |    19 |    16 ||    35
       Tentacles         |    10 |    14 ||    24
       Punch             |     1 |     2 ||     3
Invok: Sacrifice Artific |     1 |       ||     1
 Stab: Sleeping          |     6 |     4 ||    10
       Distracted        |     1 |       ||     1
  Eat: Chunk             |     2 |     4 ||     6
Armor: Skin              |     8 |     4 ||    12
Dodge: Dodged            |    45 |    35 ||    80
